 Dungeon Crawl Stone Soup version 0.16.2-2-g470672f (webtiles) character file.

314737 FruitAndGarbage the Eclecticist (level 20, -13/119 (120) HPs)
             Began as a Deep Elf Fire Elementalist on Aug 26, 2015.
             Was the Champion of Kikubaaqudgha.
             Mangled by a phantasmal warrior (14 damage)
             ... summoned by a shadow trap
             ... triggered by a vampire mage
             ... while paralysed by something
             ... on level 1 of the Crypt on Aug 27, 2015.
             The game lasted 09:02:01 (62659 turns).

FruitAndGarbage the Eclecticist (DEFE)             Turns: 62659, Time: 09:02:01

HP:   -13/119 (120) AC: 19    Str:  7    XL:     20   Next: 83%
MP:   1/51          EV:  2    Int: 28    God:    Kikubaaqudgha [******]
Gold: 4748          SH:  0    Dex: 22    Spells: 15 memorised, 6 levels left

rFire  + . .     SeeInvis .     a - +9 lajatang (pain)
rCold  . . .     Clarity  .     V - +3 leather armour of Pseaq {+Fly rElec rF+ Int-2 Dex+4}
rNeg   + . .     SustAb   .     (no shield)
rPois  .         Gourm    .     s - +1 hat
rElec  +         Spirit   .     x - +0 cloak
rCorr  .         Warding  +     J - +0 pair of gloves
rMut   .         Stasis   .     w - +2 pair of boots of the Assassin {Stlth++}
MR     +....                    K - brooch of Shielding {Ward rN+ AC+4 EV+4}
Stlth  ++++......               S - ring of magical power
                                M - ring "Doobiteck" {+Blink Dex+3 Slay+3 Stlth-}

@: paralysed, vulnerable, rotting, drained, somewhat resistant to hostile
enchantments, stealthy
A: strong 1
a: Receive Corpses, Torment, Renounce Religion, Evoke Blink, Evoke Flight
}: 1/15 runes: serpentine


You were on level 1 of the Crypt.
You worshipped Kikubaaqudgha.
Kikubaaqudgha was exalted by your worship.
You were not hungry.

You visited 8 branches of the dungeon, and saw 39 of its levels.
You visited the Abyss 1 time.
You also visited: Labyrinth and Ice Cave.

You collected 4896 gold pieces.
You spent 148 gold pieces at shops.

Inventory:

Hand weapons
 a - a +9 lajatang of pain (weapon)
 G - a +0 scimitar of holy wrath
Armour
 s - a +1 hat (worn)
 w - the +2 pair of boots of the Assassin (worn) {Stlth++}
   (You found it on level 3 of the Elven Halls)

   It makes you much more stealthy.
 x - a +0 cloak (worn)
 z - a +4 troll leather armour
 J - a +0 pair of gloves (worn)
 V - the +3 leather armour of Pseaq (worn) {+Fly rElec rF+ Int-2 Dex+4}
   (You found it on level 15 of the Dungeon)

   It affects your intelligence (-2).
   It affects your dexterity (+4).
   It protects you from fire.
   It insulates you from electricity.
   It lets you fly.
Magical staves
 l - an uncursed staff of fire
Rods
 b - a +9 rod of clouds (17/17)
   (You found it in a labyrinth)
Jewellery
 q - an uncursed amulet of clarity
 y - an uncursed amulet of resist mutation
 F - an uncursed amulet of regeneration
 K - the brooch of Shielding (around neck) {Ward rN+ AC+4 EV+4}
   (You took it off a deep elf fighter on level 3 of the Elven Halls)

   [amulet of warding]

   It may prevent the melee attacks of summoned creatures.
   It affects your AC (+4).
   It affects your evasion (+4).
   It protects you from negative energy.
 M - the ring "Doobiteck" (left hand) {+Blink Dex+3 Slay+3 Stlth-}
   (You found it on level 1 of the Snake Pit)

   [ring of loudness]

   It affects your dexterity (+3).
   It affects your accuracy and damage with ranged weapons and melee attacks
   (+3).
   It lets you blink.
   It makes you less stealthy.
 Q - an uncursed ring of protection from fire
 S - a ring of magical power (right hand)
 Y - an uncursed ring of positive energy
Magical devices
 j - a wand of paralysis (12)
 m - a wand of hasting (6)
 o - a wand of flame (21)
 r - a wand of lightning (0)
 A - a wand of frost (26)
 H - a wand of fireball (2)
 O - a wand of invisibility (1)
 P - a wand of heal wounds (2)
 T - a wand of draining (0)
 Z - a wand of cold (3)
Scrolls
 e - 7 scrolls of magic mapping
 f - a scroll of torment
 h - 15 scrolls of identify
 n - 5 scrolls of fog
 p - 5 scrolls of teleportation
 B - 3 scrolls of amnesia
 L - 5 scrolls of remove curse
Potions
 d - 2 potions of haste
 i - a potion of invisibility
 k - 2 potions of cure mutation
 v - 4 potions of restore abilities
 E - a potion of curing
 I - 3 potions of resistance
 U - 3 potions of agility
 W - 4 potions of brilliance
Books
 N - Kikubaaqudgha's Disquisition on Evil Rituals
   (Kikubaaqudgha gifted it to you on level 10 of the Dungeon)

   Spells                             Type                      Level
   a - Animate Dead                   Necromancy                   4
   b - Excruciating Wounds            Charms/Necromancy            5
   c - Agony                          Necromancy                   5
   d - Dispel Undead                  Necromancy                   5
   e - Death Channel                  Necromancy                   6
 R - a book of Party Tricks

   Spells                             Type                      Level
   a - Summon Butterflies             Summoning                    1
   b - Apportation                    Translocation                1
   c - Tukima's Dance                 Hexes                        3
   d - Alistair's Intoxication        Transmutation/Poison         4
   e - Invisibility                   Hexes                        6
 X - a book of the Warp

   Spells                             Type                      Level
   a - Recall                         Summoning/Translocation      3
   b - Control Teleport               Charms/Translocation         4
   c - Force Lance                    Conjuration/Translocation    4
   d - Phase Shift                    Translocation                5
   e - Warp Weapon                    Charms/Translocation         5
   f - Gell's Gravitas                Hexes/Translocation          5
   g - Summon Forest                  Summoning/Translocation      5
Miscellaneous
 u - a phial of floods (inert)
 C - a stone of tremors
Comestibles
 c - 12 bread rations
 t - 15 meat rations


   Skills:
 * Level 11.5(11.1) Fighting
   Level 2.7(2.6) Short Blades
 + Level 1.0(1.6) Long Blades
 + Level 0.1(0.9) Maces & Flails
 + Level 2.8(2.5) Staves
 * Level 11.6(11.2) Armour
 * Level 15.6(15.2) Dodging
 + Level 6.3(5.9) Stealth
 + Level 19.5(19.0) Spellcasting
 + Level 11.0(10.6) Conjurations
 + Level 8.6(8.2) Charms
 + Level 2.5(2.2) Summonings
 * Level 16.2(15.8) Necromancy
 * Level 13.9(13.5) Transmutations
 + Level 12.7(12.3) Fire Magic
 + Level 3.2(2.9) Ice Magic
 + Level 0.4(0.1) Poison Magic
 + Level 9.9(9.5) Evocations


You had 6 spell levels left.
You knew the following spells:

 Your Spells              Type           Power        Failure   Level  Hunger
a - Animate Skeleton      Necr           N/A          0%          1    None
b - Throw Flame           Conj/Fire      ######       1%          2    None
c - Conjure Flame         Conj/Fire      ######..     1%          3    None
d - Fireball              Conj/Fire      ######....   1%          5    None
e - Animate Dead          Necr           N/A          1%          4    None
f - Regeneration          Chrm/Necr      #######...   1%          3    None
g - Ignite Poison         Fire/Trmt      #######...   1%          5    None
h - Throw Icicle          Conj/Ice       ######..     1%          4    None
i - Sublimation of Blood  Necr           #######...   0%          2    None
j - Agony                 Necr           #######.     1%          5    None
k - Summon Butterflies    Summ           #####...     1%          1    None
l - Dispel Undead         Necr           #######.     1%          5    None
m - Alistair's Intoxicat  Trmt/Pois      ######..     1%          4    None
n - Delayed Fireball      Conj/Fire      N/A          17%         7    ####...
o - Bolt of Fire          Conj/Fire      ######....   3%          6    #......


Dungeon Overview and Level Annotations

Branches:
Dungeon (15/15)            Temple (1/1) D:7            Lair (8/8) D:9
  Swamp (0/5) Lair:6        Snake (5/5) Lair:5        Slime (0/6) Lair:7
    Orc (4/4) D:9             Elf (3/3) Orc:3        Vaults (2/5) D:14
  Crypt (1/3) Vaults:2     Depths (0/5) D:15

Altars:
Ashenzari
Cheibriados
Dithmenos
Elyvilon
Fedhas
Gozag
Kikubaaqudgha
Makhleb
Nemelex Xobeh
Okawaru
Qazlal
Ru
Sif Muna
Trog
Vehumet
Xom
Yredelemnul
Zin
The Shining One
Beogh

Shops:
D:6 %([*!   Orc:4 *[(:


Innate Abilities, Weirdness & Mutations

Your muscles are strong. (Str +2)


Message History

The phantasmal warrior blinks!
The ghoul splashes around in the water.
The ghoul claws you but does no damage.
The phantasmal warrior blinks!
The phantasmal warrior tries to attack you, but flinches away.
The spectral ettin hits you but does no damage. x2
The ghoul tries to attack you, but flinches away.
The ghoul claws you but does no damage.
The ghoul tries to attack you, but flinches away.
The ghoul claws you!
* * * LOW HITPOINT WARNING * * *
The phantasmal warrior is engulfed in a cloud of scalding steam.
The ghoul hits you!
* * * LOW HITPOINT WARNING * * *
You feel your flesh rotting away! x2
The ghoul tries to attack you, but flinches away.
The phantasmal warrior hits you.
* * * LOW HITPOINT WARNING * * *
Your magical defenses are stripped away!
The phantasmal warrior hits you!
You die...
Kikubaaqudgha rasps: "You have failed me!
Welcome... death!"

########
#........
#........#
#........#
#.§......# .
#W(n§≈§W.#...
#.@nWn≈..#.. .
#WZnVV§.......
#.nW{Z...#....
#..WW)Z.......#
#####M§.###
#....^.# #
#....?.# ...
###...##......
#..<...#


You could see 4 ghouls, a vampire knight, a jiangshi, a flayed ghost, 4
phantasmal warriors, a freezing wraith, a spectral ettin, a wraith, a
necrophage, a mummy, a boring beetle zombie and a tengu zombie.

Vanquished Creatures
  Sojobo (Vaults:2)
  3 deep elf blademasters
  A deep elf master archer (Elf:3)
  2 tentacled starspawn (Abyss:1)
  A tengu reaver (Crypt:1)
  Wiglaf (Vaults:2)
  5 deep elf sorcerers
  5 vault wardens
  7 greater nagas
  An orc warlord (Orc:4)
  Gastronok (D:9)
  4 ironheart preservers
  Jorgrun (Crypt:1)
  3 stone giants (Vaults:2)
  5 deep elf demonologists
  4 very ugly things (Vaults:2)
  A lorocyproca (Abyss:1)
  3 deep elf annihilators
  A minotaur (Lab)
  4 vault guards (Vaults:2)
  7 deep elf death magi
  An eidolon (Vaults:2)
  2 deep elf high priests (Elf:3)
  3 yaktaur captains
  Fannar (D:12)
  5 hydras
  8 naga warriors
  10 anacondas
  Erica (D:12)
  6 centaur warriors
  8 dancing weapons (Elf:2)
  8 death yaks
  A vampire mage (Crypt:1)
  2 orc high priests (Orc:4)
  6 ogre magi
  17 naga sharpshooters
  6 shock serpents
  Nergalle (Orc:4)
  A fire crab (shapeshifter) (Elf:2)
  A fire crab (Vaults:2)
  10 skeletal warriors
  21 deep elf knights
  12 hill giants
  A giant orange brain (Vaults:1)
  5 sea snakes (Snake:2)
  6 anaconda zombies
  2 ironbrand convokers (Vaults:1)
  An ice statue (IceCv)
  The ghost of strelet the Covered, an experienced GrFi of Okawaru (D:9)
  4 orc knights
  5 naga ritualists
  An orb spider (shapeshifter) (Vaults:2)
  Pikel (D:7)
  8 deep elf summoners
  24 deep elf conjurers
  4 wizards
  6 griffons
  A hornet (Vaults:2)
  A mana viper (Snake:4)
  A wolf spider (Vaults:1)
  2 wolf spider zombies
  4 oklob plants (Lair:7)
  39 ugly things
  2 unseen horrors (D:12)
  A manticore (D:14)
  3 necromancers
  A harpy (shapeshifter) (Abyss:1)
  A tengu skeleton (Vaults:1)
  An orc sorcerer (Orc:4)
  5 elephants
  The ghost of jasne the Thaumaturge, an experienced SpVM of Vehumet (D:8)
  A phantasmal warrior (Vaults:2)
  40 black mambas
  12 salamanders
  7 cyclopes
  A guardian serpent (shapeshifter) (Vaults:2)
  Maurice (Orc:3)
  A sixfirhy (Orc:4)
  A centaur zombie (D:13)
  5 guardian serpents (Snake:5)
  22 naga magi
  7 vault sentinels
  A torpor snail (Lair:4)
  3 centaur skeletons
  A gargoyle (D:15)
  A spiny frog (shapeshifter) (Vaults:1)
  7 spiny frogs
  An efreet (D:15)
  25 yaktaurs
  2 smoke demons (Abyss:1)
  5 large abominations (Abyss:1)
  3 kobold demonologists (Vaults:1)
  A tengu conjurer (D:10)
  2 hellwings
  8 deep elf priests
  A spriggan druid (Lair:8)
  11 komodo dragons
  A queen bee (shapeshifter) (Vaults:2)
  A two-headed ogre (shapeshifter) (Vaults:1)
  8 trolls
  2 freezing wraiths (Vaults:2)
  23 polar bears
  12 blink frogs
  A blue devil (Orc:4)
  A bog body (Crypt:1)
  3 ravens (D:10)
  A raven (shapeshifter) (Vaults:1)
  13 slime creatures
  A fire dragon zombie (Abyss:1)
  A griffon zombie (Lair:7)
  An ettin zombie (Abyss:1)
  A wolf spider simulacrum (Crypt:1)
  2 raiju (Abyss:1)
  4 flying skulls (Abyss:1)
  2 basilisks
  15 two-headed ogres
  3 black mamba zombies
  35 deep elf magi
  8 spriggans (Lair:8)
  A trapdoor spider (D:15)
  8 redbacks
  A spriggan (shapeshifter) (Vaults:1)
  4 fire bats (Abyss:1)
  A fire dragon skeleton (Vaults:1)
  An air elemental (Vaults:2)
  2 vampires
  A hill giant zombie (D:9)
  2 shadows
  A wraith (D:9)
  59 yaks
  5 hungry ghosts
  3 vampire mosquitoes (D:15)
  6 wargs
  4 wyverns
  A mottled dragon (Vaults:1)
  An elf skeleton (Elf:3)
  34 deep elf fighters
  3 chaos spawn (Abyss:1)
  14 hippogriffs
  40 wolves
  A deep troll zombie (Vaults:1)
  53 nagas
  29 water moccasins
  6 phantoms
  4 spiders (Snake:3)
  A necrophage (D:12)
  36 orc warriors
  3 boggarts
  5 wasps
  A human zombie (Vaults:1)
  2 eyes of draining
  9 ice beasts
  5 sky beasts
  A swamp dragon zombie (Abyss:1)
  2 slaves (D:7)
  An elephant zombie (Lair:8)
  6 porcupines
  23 centaurs
  8 big kobolds
  3 black bears
  30 ogres
  A lost soul (Elf:3)
  14 crocodiles
  8 giant frogs
  3 small abominations
  3 water moccasin zombies
  A wyvern skeleton (D:14)
  A yak zombie (Lair:7)
  4 scorpions
  2 troll zombies (D:9)
  A spriggan zombie (Lair:8)
  2 electric eels (Snake:2)
  27 killer bees
  30 wights
  3 wolf zombies
  4 crimson imps
  5 jellies
  4 giant frog zombies
  A gnoll shaman (D:9)
  4 elf zombies
  3 quasits
  2 giant frog skeletons
  29 orc priests
  12 hounds
  37 orc wizards
  12 iguanas
  9 worker ants
  35 sheep
  A mottled dragon zombie (Vaults:1)
  3 naga zombies
  2 naga skeletons
  A crocodile skeleton (Lair:8)
  5 ogre zombies (D:9)
  A felid skeleton (Crypt:1)
  2 mummies
  2 worker ant zombies
  A hound skeleton (D:5)
  9 gnolls
  37 river rats
  25 adders
  12 white imps (D:11)
  3 shadow imps
  A giant mite (D:5)
  5 ufetubi
  An adder skeleton (D:7)
  An iguana skeleton (Lair:5)
  5 giant geckos
  169 orcs
  17 bats
  4 bat skeletons
  24 hobgoblins
  32 kobolds
  18 quokkas
  8 giant cockroaches
  7 giant newts
  16 goblins
  A goblin skeleton (D:9)
  2 hobgoblin skeletons (D:9)
  2 hobgoblin zombies (D:9)
  2 orc skeletons
  20 orc zombies
  15 rats
  A ballistomycete (D:7)
  21 butterflies
  8 fungi
  3 plants
  2 starspawn tentacles (Abyss:1)
  A starspawn tentacle segment (Abyss:1)
1801 creatures vanquished.

Vanquished Creatures (collateral kills)
  A lich (Abyss:1)
  A deep elf master archer (Elf:3)
  6 tentacled starspawn (Abyss:1)
  A tengu reaver (Vaults:2)
  6 greater nagas
  A cacodemon (Abyss:1)
  2 deep elf sorcerers (Elf:3)
  Aizul (Snake:3)
  2 ironheart preservers (Vaults:1)
  3 very ugly things (Abyss:1)
  A black draconian (Abyss:1)
  A deep elf demonologist (Elf:3)
  3 deep elf annihilators (Elf:3)
  A deep elf death mage (Elf:3)
  A green death (Abyss:1)
  A great orb of eyes (Vaults:2)
  A fire dragon (Vaults:1)
  A yaktaur captain (Vaults:2)
  A rakshasa (Vaults:1)
  A vault guard (Vaults:2)
  7 naga warriors
  An ogre mage (Vaults:2)
  6 dancing weapons (Elf:2)
  3 death yaks (Lair:5)
  2 orc high priests
  2 thrashing horrors (Abyss:1)
  4 anacondas (Snake:5)
  A naga sharpshooter (Snake:2)
  3 shock serpents
  2 salamander mystics
  A death drake (shapeshifter) (Elf:1)
  8 wretched stars
  A slime creature (Vaults:1)
  2 deep elf knights
  4 hell knights (Abyss:1)
  3 spatial maelstroms (Abyss:1)
  A sea snake (Snake:2)
  A deep elf summoner (Elf:3)
  3 starcursed masses (Abyss:1)
  A shadow dragon zombie (Abyss:1)
  2 naga ritualists
  A deep elf conjurer (Elf:3)
  3 ironbrand convokers
  5 ugly things
  A necromancer (Abyss:1)
  An oklob plant (Lair:7)
  A wolf spider (Vaults:2)
  A stone giant zombie (Abyss:1)
  5 mana vipers
  5 salamanders
  11 guardian serpents
  2 worldbinders (Abyss:1)
  A griffon (Lair:5)
  A sixfirhy (Abyss:1)
  13 black mambas
  8 elephants
  A vault sentinel (Vaults:2)
  2 apocalypse crabs (Abyss:1)
  2 orange demons (Abyss:1)
  4 naga magi
  4 smoke demons (Abyss:1)
  A kobold demonologist (Vaults:2)
  2 efreet (Abyss:1)
  A komodo dragon (Lair:5)
  2 yaktaurs (Vaults:1)
  3 ancient zymes
  5 deep elf priests
  3 two-headed ogres
  2 polar bears (Lair:8)
  2 hellwings (Abyss:1)
  2 freezing wraiths
  6 large abominations (Abyss:1)
  3 blink frogs
  A boulder beetle (Vaults:1)
  An elf zombie (Elf:3)
  A raiju (Abyss:1)
  4 wolves
  4 ynoxinuls (Abyss:1)
  4 spriggans (Lair:8)
  9 yaks
  3 deep elf magi
  A wraith (Abyss:1)
  2 golden eyes (Abyss:1)
  A neqoxec (Abyss:1)
  A hippogriff (Lair:8)
  3 chaos spawn (Abyss:1)
  12 deep elf fighters
  7 water moccasins
  An insubstantial wisp (Abyss:1)
  4 spatial vortices (Abyss:1)
  A porcupine (Lair:4)
  A soldier ant (shapeshifter) (Vaults:1)
  13 nagas
  13 small abominations (Abyss:1)
  A fire dragon simulacrum (Abyss:1)
  An ice beast (Abyss:1)
  7 ogres
  A sky beast (Abyss:2)
  A spider (Snake:3)
  9 orc warriors
  A black bear (Lair:8)
  A boggart (Elf:1)
  A crocodile (Lair:6)
  A brain worm (Abyss:1)
  A giant frog (Lair:7)
  2 electric eels (Snake:2)
  3 iron imps (Abyss:1)
  A quasit (Abyss:2)
  3 orc priests
  7 orc wizards
  7 sheep
  3 adders (Lair:8)
  2 shadow imps (Abyss:1)
  3 white imps (Abyss:1)
  15 ufetubi (Abyss:1)
  18 orcs
  A hobgoblin (Orc:2)
  A kobold (Vaults:1)
  A goblin (Orc:1)
  An orc skeleton (D:9)
  3 spectral orcs (Orc:4)
  24 fungi
  27 plants
  7 starspawn tentacles (Abyss:1)
439 creatures vanquished.

Vanquished Creatures (others)
  4 very ugly thing zombies
  A quicksilver dragon zombie (Abyss:1)
  A skeletal warrior (Vaults:1)
  6 anaconda zombies
  A golden dragon zombie (Abyss:1)
  A ghost moth zombie (Abyss:1)
  An unseen horror (D:15)
  2 wolf spider zombies (Abyss:1)
  A dwarf zombie (Vaults:2)
  A shadow dragon zombie (Abyss:1)
  4 ugly thing zombies
  An iron dragon zombie (Abyss:1)
  3 anaconda skeletons (Snake:5)
  3 frost giant zombies (Abyss:1)
  A stone giant zombie (Abyss:1)
  A fire giant skeleton (Abyss:1)
  2 shock serpent zombies
  A stone giant skeleton (Vaults:2)
  4 dire elephant zombies (Abyss:1)
  2 shock serpent skeletons (Snake:5)
  2 sea snake zombies (Snake:2)
  2 hydra zombies (Abyss:1)
  3 human skeletons
  2 water elementals (Crypt:1)
  8 guardian serpent zombies (Snake:5)
  2 ice dragon zombies (Abyss:1)
  2 fire dragon zombies (Abyss:1)
  A fire vortex (D:7)
  A griffon zombie (Vaults:1)
  4 ettin zombies (Abyss:1)
  A hornet zombie (Vaults:2)
  18 black mamba zombies
  A yak (D:10)
  2 black mamba skeletons
  16 human zombies
  A spiny frog zombie (Abyss:1)
  A swamp dragon zombie (Abyss:1)
  A blink frog skeleton (Lair:6)
  3 lost souls (Elf:3)
  A giant frog (D:10)
  8 yaktaur zombies
  10 salamander zombies
  A cyclops zombie (Vaults:2)
  A komodo dragon zombie (Lair:5)
  14 water moccasin zombies
  2 spider zombies (Snake:3)
  A polar bear zombie (Lair:8)
  A killer bee (D:7)
  4 spriggan zombies (Lair:8)
  A yak zombie (D:9)
  A hippogriff skeleton (Lair:7)
  4 wolf zombies (Lair:8)
  A wasp zombie (Lair:8)
  5 centaur zombies
  A hound (D:10)
  3 kobold zombies
  A wolf skeleton (Lair:8)
  A black bear zombie (Lair:8)
  118 elf zombies
  A two-headed ogre zombie (Vaults:2)
  A jelly (D:10)
  A giant frog skeleton (Lair:7)
  20 elf skeletons
  A black bear skeleton (Lair:8)
  A porcupine zombie (Lair:5)
  An iguana (D:10)
  2 crocodile zombies
  5 ogre zombies (Vaults:2)
  5 naga skeletons
  45 naga zombies
  An ogre skeleton (Vaults:2)
  A hound zombie (Lair:6)
  An electric eel zombie (Snake:2)
  An adder skeleton (Lair:8)
  2 orc skeletons (Orc:4)
  6 sheep zombies
  A giant gecko (D:10)
  A river rat zombie (Lair:8)
  A bat (D:10)
  2 giant spores
  A goblin skeleton (Orc:4)
  2 goblin zombies
  A hobgoblin zombie (Orc:4)
  A lurking horror (Abyss:1)
  71 orc zombies
  A quokka skeleton (Lair:6)
  A rat (D:10)
  A river rat skeleton (Lair:8)
  4 ballistomycetes
  102 butterflies
  16 fungi
  12 plants
  22 starspawn tentacles (Abyss:1)
  241 starspawn tentacle segments (Abyss:1)
867 creatures vanquished.

Grand Total: 3107 creatures vanquished

Notes
Turn   | Place    | Note
--------------------------------------------------------------
     0 | D:1      | FruitAndGarbage, the Deep Elf Fire Elementalist, began the quest for the Orb.
     0 | D:1      | Reached XP level 1. HP: 10/10 MP: 5/5
   291 | D:1      | Reached XP level 2. HP: 15/15 MP: 6/8
   300 | D:1      | Learned a level 2 spell: Throw Flame
   466 | D:1      | Gained mutation: You are agile. (Dex +2) [potion of mutation]
   466 | D:1      | Gained mutation: Scrolls take you a little longer to read. [potion of mutation]
   466 | D:1      | Gained mutation: You are weak. (Str -2) [potion of mutation]
   467 | D:1      | Lost mutation: You are weak. (Str -2) [potion of cure mutation]
   467 | D:1      | Lost mutation: Scrolls take you a little longer to read. [potion of cure mutation]
   467 | D:1      | Lost mutation: You are agile. (Dex +2) [potion of cure mutation]
   607 | D:1      | Reached XP level 3. HP: 19/19 MP: 6/11
   608 | D:1      | Reached skill level 4 in Fire Magic
   615 | D:1      | Learned a level 3 spell: Conjure Flame
  1233 | D:2      | Found a shimmering altar of Xom.
  1278 | D:2      | Found a deep blue altar of Sif Muna.
  1281 | D:2      | Found a radiant altar of Vehumet.
  1284 | D:2      | Found a shattered altar of Ashenzari.
  1821 | D:3      | Reached XP level 4. HP: 24/24 MP: 8/14
  2710 | D:4      | Reached XP level 5. HP: 28/28 MP: 10/18
  2717 | D:4      | Learned a level 5 spell: Fireball
  2940 | D:4      | Noticed an ogre
  2957 | D:4      | Killed an ogre
  2957 | D:4      | Reached skill level 1 in Fighting
  2957 | D:4      | Reached XP level 6. HP: 3/34 MP: 10/20
  3305 | D:4      | Reached skill level 5 in Spellcasting
  3465 | D:4      | Reached skill level 1 in Short Blades
  3567 | D:5      | Entered Level 5 of the Dungeon
  3612 | D:5      | Found a radiant altar of Vehumet.
  3624 | D:5      | Reached skill level 1 in Armour
  3814 | D:5      | Reached XP level 7. HP: 34/38 MP: 18/23
  4145 | D:5      | Reached skill level 6 in Spellcasting
  4334 | D:5      | Found an opulent altar of Gozag.
  4459 | D:5      | Reached skill level 5 in Fire Magic
  4710 | D:5      | Reached XP level 8. HP: 9/45 MP: 7/25
  5343 | D:6      | Found a snail-covered altar of Cheibriados.
  5407 | D:6      | Found Curazul's Food Boutique.
  5562 | D:6      | Found Skefraasm's Antique Weapon Shop.
  5724 | D:6      | Reached skill level 5 in Dodging
  5781 | D:6      | Found Noypol's Assorted Antiques.
  5782 | D:6      | Found Bradecim's Armour Shoppe.
  5799 | D:6      | Bought a twisted platinum amulet for 110 gold pieces
  5799 | D:6      | Bought a cyan potion for 19 gold pieces
  5799 | D:6      | Bought a fuming orange potion for 19 gold pieces
  5840 | D:6      | Reached skill level 7 in Spellcasting
  5979 | D:6      | Found Asmuw's Distillery.
  6131 | D:6      | Reached skill level 5 in Conjurations
  6131 | D:6      | Reached XP level 9. HP: 36/51 MP: 2/28
  6819 | D:7      | Noticed Pikel
  6837 | D:7      | Killed Pikel
  6837 | D:7      | Reached skill level 8 in Spellcasting
  7104 | D:7      | Got a warped robe
  7115 | D:7      | Identified the +1 robe of the Hundredfold Lies {+Inv Int+3} (You found it on level 7 of the Dungeon)
  7350 | D:7      | Reached skill level 1 in Evocations
  7359 | D:7      | Found a staircase to the Ecumenical Temple.
  7369 | Temple   | Entered the Ecumenical Temple
  7383 | Temple   | Became a worshipper of Kikubaaqudgha
  7633 | D:8      | Reached skill level 5 in Stealth
  8005 | D:8      | Reached XP level 10. HP: 57/57 MP: 18/30
  8057 | D:8      | Noticed jasne's ghost (experienced SpVM)
  8196 | D:8      | Killed jasne's ghost
  8482 | D:8      | Acquired Kikubaaqudgha's first power
  8482 | D:8      | Received a gift from Kikubaaqudgha
  8501 | D:8      | Identified Kikubaaqudgha's Disquisition on Stolen Souls (Kikubaaqudgha gifted it to you on level 8 of the Dungeon)
  8504 | D:8      | Learned a level 1 spell: Pain
  8508 | D:8      | Learned a level 3 spell: Regeneration
  8693 | D:8      | Got a crystal halberd
  8694 | D:8      | Identified the +7 halberd "Hydrabane" {antimagic, Str+4} (You took it off an orc on level 8 of the Dungeon)
  8867 | D:8      | Noticed a three-headed hydra
  8871 | D:8      | Reached skill level 9 in Spellcasting
  8875 | D:8      | Killed a three-headed hydra
  9064 | D:8      | Noticed a manticore
  9108 | D:8      | Learned a level 5 spell: Ignite Poison
  9259 | D:9      | Acquired Kikubaaqudgha's second power
  9481 | D:9      | Found a staircase to the Orcish Mines.
  9704 | D:9      | Reached skill level 1 in Charms
  9797 | D:9      | Reached skill level 1 in Transmutations
 10252 | D:9      | Noticed Gastronok
 10285 | D:9      | Killed Gastronok
 10285 | D:9      | Reached skill level 5 in Fighting
 10285 | D:9      | Reached skill level 1 in Necromancy
 10285 | D:9      | Reached XP level 11. HP: 22/63 MP: 3/32
 10401 | D:9      | Noticed strelet's ghost (experienced GrFi)
 10429 | D:9      | HP: 3/63 [strelet's ghost (11)]
 10430 | D:9      | Killed strelet's ghost
 10737 | D:9      | Found a staircase to the Lair.
 10812 | D:9      | Learned a level 4 spell: Throw Icicle
 10862 | D:9      | Found a sacrificial altar of Ru.
 10866 | D:9      | Found a glowing silver altar of Zin.
 10869 | D:9      | Found an iron altar of Okawaru.
 11141 | D:9      | Reached skill level 10 in Spellcasting
 11176 | D:10     | Entered Level 10 of the Dungeon
 11264 | D:10     | Reached skill level 5 in Armour
 11271 | D:10     | Learned a level 2 spell: Sublimation of Blood
 11462 | D:10     | Noticed a hill giant
 11471 | D:10     | Killed a hill giant
 11696 | D:10     | Found a shimmering altar of Xom.
 11731 | D:10     | Reached skill level 5 in Evocations
 11790 | D:10     | Received a gift from Kikubaaqudgha
 11791 | D:10     | Identified Kikubaaqudgha's Disquisition on Evil Rituals (Kikubaaqudgha gifted it to you on level 10 of the Dungeon)
 12306 | D:10     | Noticed a hill giant
 12320 | D:10     | Killed a hill giant
 12847 | D:11     | Found a frozen archway.
 12932 | IceCv    | Entered an ice cave
 12935 | IceCv    | Acquired Kikubaaqudgha's third power
 12944 | IceCv    | Reached XP level 12. HP: 53/68 MP: 0/33
 12951 | IceCv    | Learned a level 5 spell: Agony
 12965 | IceCv    | Reached skill level 5 in Charms
 13139 | IceCv    | Noticed an ice statue
 13199 | IceCv    | Killed an ice statue
 13843 | IceCv    | Noticed a frost giant
 14159 | IceCv    | Gained mutation: Your muscles are strong. (Str +2) [potion of beneficial mutation]
 14343 | D:11     | Reached skill level 10 in Dodging
 14406 | D:11     | Reached skill level 5 in Necromancy
 15111 | D:12     | Reached skill level 11 in Spellcasting
 15141 | D:12     | Learned a level 1 spell: Summon Butterflies
 15155 | D:12     | Noticed Erica
 15178 | D:12     | Killed Erica
 15314 | D:12     | Reached skill level 5 in Transmutations
 15350 | D:12     | Noticed Fannar
 15359 | D:12     | Killed Fannar
 16387 | D:12     | Reached XP level 13. HP: 25/74 MP: 0/35
 17229 | D:12     | Noticed a centaur warrior
 17232 | D:12     | Killed a centaur warrior
 18525 | D:13     | Reached skill level 1 in Long Blades
 20669 | D:14     | Found a gate to the Vaults.
 20684 | D:14     | Reached skill level 12 in Spellcasting
 21135 | D:15     | Entered Level 15 of the Dungeon
 21599 | D:15     | Got a faintly glowing leather armour
 21620 | D:15     | Identified the +3 leather armour of Pseaq {+Fly rElec rF+ Int-2 Dex+4} (You found it on level 15 of the Dungeon)
 22134 | D:15     | Reached XP level 14. HP: 78/80 MP: 32/36
 22141 | D:15     | Learned a level 5 spell: Dispel Undead
 22537 | D:15     | Acquired Kikubaaqudgha's fourth power
 23020 | D:15     | Found a staircase to the Depths.
 24363 | Lair:1   | Entered Level 1 of the Lair of Beasts
 24744 | Lair:1   | Reached skill level 1 in Summonings
 27720 | Lair:3   | Reached skill level 13 in Spellcasting
 27842 | Lair:3   | Learned a level 4 spell: Animate Dead
 28135 | Lair:4   | Reached skill level 10 in Fire Magic
 28336 | Lair:4   | Got a jewelled leather armour
 28350 | Lair:4   | Identified the cursed -2 leather armour of the Earth {rElec rN+ Slay-6 SInv} (You found it on level 4 of the Lair of Beasts)
 29560 | Lair:4   | Reached XP level 15. HP: 80/87 MP: 10/38
 29563 | Lair:4   | Learned a level 1 spell: Animate Skeleton
 29888 | Lair:5   | Found a staircase to the Snake Pit.
 30054 | Lair:5   | Found a labyrinth entrance.
 30064 | Lab      | Entered a labyrinth
 30180 | Lab      | Found an exit through the horrors of the Abyss.
 30212 | Lab      | Got a jewelled mace
 30216 | Lab      | Identified the cursed +0 mace "Frevalem" {crush, Int+3 Stlth+} (You took it off a minotaur in a labyrinth)
 30224 | Lab      | Got a slimy leather armour
 30235 | Lab      | Identified the cursed -2 leather armour "Grisyof" {Stlth+} (You found it in a labyrinth)
 30369 | Lair:5   | Identified a +0 rod of clouds (13/13) (You found it in a labyrinth)
 31413 | Lair:6   | Found a staircase to the Swamp.
 32866 | Lair:7   | Reached skill level 14 in Spellcasting
 33608 | Lair:7   | Found a staircase to the Slime Pits.
 33808 | Lair:8   | Entered Level 8 of the Lair of Beasts
 35079 | Lair:8   | Got a shimmering hand axe
 35080 | Lair:8   | Identified the +10 hand axe "Ommaec Scheji" {drain, rF+ Str-5 Dex+4} (You found it on level 8 of the Lair of Beasts)
 35752 | Lair:8   | Reached skill level 10 in Necromancy
 36282 | Orc:1    | Entered Level 1 of the Orcish Mines
 37158 | Orc:2    | Found an iron altar of Okawaru.
 37405 | Orc:3    | Noticed Maurice
 37407 | Orc:3    | Killed Maurice
 37842 | Orc:3    | Reached XP level 16. HP: 82/94 MP: 2/39
 38100 | Orc:3    | Found a staircase to the Elven Halls.
 38347 | Orc:4    | Entered Level 4 of the Orcish Mines
 38513 | Orc:4    | Found a roughly hewn altar of Beogh.
 38796 | Orc:4    | Found a roughly hewn altar of Beogh.
 38919 | Orc:4    | Found a roughly hewn altar of Beogh.
 38981 | Orc:4    | Found Tassoleg's General Store.
 39294 | Orc:4    | Found a roughly hewn altar of Beogh.
 39418 | Orc:4    | Noticed Nergalle
 39441 | Orc:4    | Killed Nergalle
 39648 | Orc:4    | Found a roughly hewn altar of Beogh.
 39648 | Orc:4    | Found Meozot Wosa's Antique Weapon Shop.
 39693 | Orc:4    | Found Choharah's Antique Armour Boutique.
 39799 | Orc:4    | Found a roughly hewn altar of Beogh.
 39816 | Orc:4    | Found Gomuekk's Book Boutique.
 40097 | Snake:1  | Entered Level 1 of the Snake Pit
 40166 | Snake:1  | Got an ancient granite ring
 40167 | Snake:1  | Identified the ring "Doobiteck" {+Blink Dex+3 Slay+3 Stlth-} (You found it on level 1 of the Snake Pit)
 41943 | Snake:2  | Reached skill level 15 in Spellcasting
 42864 | Snake:2  | Reached skill level 10 in Transmutations
 44846 | Snake:3  | Noticed Aizul
 44871 | Snake:3  | Killed Aizul
 44990 | Snake:4  | Reached XP level 17. HP: 61/100 MP: 19/41
 45878 | Snake:4  | Reached skill level 16 in Spellcasting
 47012 | Snake:5  | Entered Level 5 of the Snake Pit
 47176 | Snake:5  | Found a burning altar of Makhleb.
 47186 | Snake:5  | Reached skill level 1 in Ice Magic
 47502 | Snake:5  | Identified a scroll of acquirement
 49695 | Snake:5  | Reached skill level 10 in Armour
 49877 | Snake:5  | Reached skill level 17 in Spellcasting
 49927 | Snake:5  | Got a serpentine rune of Zot
 50009 | Snake:5  | Reached XP level 18. HP: 82/107 MP: 12/42
 50614 | Elf:1    | Entered Level 1 of the Elven Halls
 50878 | Elf:1    | Cast into the Abyss (a wizard)
 50916 | Abyss:1  | Reached skill level 10 in Fighting
 51207 | Abyss:1  | Reached skill level 10 in Conjurations
 52387 | Abyss:1  | Found a corrupted altar of Lugonu.
 52416 | Abyss:2  | Found a corrupted altar of Lugonu.
 52498 | Elf:1    | Escaped the Abyss
 53707 | Elf:2    | Found a runed gate.
 53715 | Elf:2    | Found a runed gate.
 53716 | Elf:2    | Found a runed gate.
 54993 | Elf:2    | Reached skill level 18 in Spellcasting
 55435 | Elf:2    | Reached XP level 19. HP: 80/113 MP: 9/43
 55844 | Elf:3    | Entered Level 3 of the Elven Halls
 56376 | Elf:3    | Learned a level 4 spell: Alistair's Intoxication
 58090 | Elf:3    | Got a slimy chain mail
 58106 | Elf:3    | Learned a level 7 spell: Delayed Fireball
 58113 | Elf:3    | Learned a level 6 spell: Bolt of Fire
 58273 | Elf:3    | Got a tattered robe
 58284 | Elf:3    | Identified the +1 robe of Xizuodah {SInv Stlth+} (You took it off a deep elf fighter on level 3 of the Elven Halls)
 58285 | Elf:3    | Reached skill level 15 in Necromancy
 58857 | Vaults:1 | Entered Level 1 of the Vaults
 59287 | Vaults:1 | Reached skill level 15 in Dodging
 59779 | Vaults:1 | Reached skill level 1 in Staves
 59968 | Vaults:1 | Reached XP level 20. HP: 108/120 MP: 3/44
 60296 | Vaults:1 | Reached skill level 19 in Spellcasting
 61743 | Vaults:2 | Noticed Wiglaf
 61770 | Vaults:2 | Killed Wiglaf
 62018 | Vaults:2 | Your ally Wiglaf died
 62383 | Vaults:2 | Found a staircase to the Crypt.
 62430 | Crypt:1  | Entered Level 1 of the Crypt
 62430 | Crypt:1  | Noticed Sojobo
 62438 | Crypt:1  | Noticed Jorgrun
 62482 | Vaults:2 | Killed Sojobo
 62651 | Crypt:1  | Killed Jorgrun
 62657 | Crypt:1  | Paralysed by something for 7 turns
 62659 | Crypt:1  | HP: 5/120 [ghoul[a vampire mage] (10)]
 62659 | Crypt:1  | HP: 1/119 [phantasmal warrior[a vampire mage] (4)]
 62659 | Crypt:1  | Mangled by a phantasmal warrior

Action                   |  1- 3 |  4- 6 |  7- 9 | 10-12 | 13-15 | 16-18 | 19-21 || total
-------------------------+-------+-------+-------+-------+-------+-------+-------++-------
Melee: Dagger            |    11 |     9 |   114 |    56 |   219 |       |       ||   409
       Scimitar          |       |       |       |   186 |    55 |     2 |       ||   243
       Unarmed           |       |       |       |       |     1 |       |       ||     1
       Staff             |       |       |       |       |    69 |    27 |     7 ||   103
       Rod               |       |       |       |       |     4 |     7 |     5 ||    16
       Lajatang          |       |       |       |       |       |       |   263 ||   263
 Cast: Flame Tongue      |    65 |   110 |   133 |    55 |    40 |       |       ||   403
       Throw Flame       |       |     4 |   131 |   446 |   746 |   206 |    54 ||  1587
       Conjure Flame     |       |     1 |     8 |    46 |    48 |       |       ||   103
       Fireball          |       |       |     8 |    61 |   142 |    96 |   119 ||   426
       Regeneration      |       |       |       |    25 |    15 |    51 |    29 ||   120
       Sublimation of Bl |       |       |       |    38 |    12 |    42 |    12 ||   104
       Throw Icicle      |       |       |       |     8 |    22 |   153 |    70 ||   253
       Ignite Poison     |       |       |       |     2 |    98 |   348 |    20 ||   468
       Summon Butterflie |       |       |       |     5 |    27 |    36 |    10 ||    78
       Pain              |       |       |       |     4 |       |       |       ||     4
       Agony             |       |       |       |     3 |    57 |    42 |    22 ||   124
       Animate Dead      |       |       |       |       |    66 |   231 |    72 ||   369
       Dispel Undead     |       |       |       |       |     7 |    15 |    25 ||    47
       Animate Skeleton  |       |       |       |       |    25 |    26 |    16 ||    67
       Bolt of Fire      |       |       |       |       |       |       |    40 ||    40
       Alistair's Intoxi |       |       |       |       |       |       |     7 ||     7
       Delayed Fireball  |       |       |       |       |       |       |     1 ||     1
Invok: Receive Corpses   |       |       |       |       |     3 |    53 |    11 ||    67
 Abil: Evoke Flight      |       |       |       |       |     1 |       |       ||     1
       Evoke Blink       |       |       |       |       |       |     4 |     2 ||     6
       Release Delayed F |       |       |       |       |       |       |     1 ||     1
Evoke: Wand              |       |       |       |    16 |    54 |     9 |     6 ||    85
       Rod               |       |       |       |       |    42 |    45 |    15 ||   102
       Phial of floods   |       |       |       |       |       |       |     1 ||     1
  Use: Potion            |     6 |     1 |     8 |    11 |     7 |     4 |     2 ||    39
       Scroll            |       |       |    12 |    15 |    24 |    18 |    13 ||    82
 Stab: Sleeping          |     6 |     6 |     7 |       |     6 |       |     3 ||    28
       Distracted        |       |       |       |       |     2 |     1 |    11 ||    14
       Confused          |       |       |       |       |       |       |     1 ||     1
  Eat: Chunk             |     2 |     7 |    30 |    38 |   116 |    61 |    17 ||   271
       Beef jerky        |       |       |       |       |       |     4 |       ||     4
       Pizza             |       |       |       |       |       |     9 |       ||     9
       Royal jelly       |       |       |       |       |       |     2 |       ||     2
       Meat ration       |       |       |       |       |       |       |     3 ||     3
